Map: Lost and Found LE

Players

PtitDrogo - Winner!

  • Race: Protoss Protoss
  • Spawn Location: 7:00

MMA

  • Race: Terran Terran
  • Spawn Location: 1:00

Event: HomeStory Cup XVII

VOD

Have the link to the VOD?

Description

Time

  • Played on: June 29, 2018, 11:16 a.m.
  • Length: 14:34

All games in this series

Show
View Real Time Build Order
Export as new Build Order

PtitDrogo Protoss - Winner!

Build Orders: 1 Gate Expand, Oracle Opening 

Get SALT Encoding   

  12  0:00  Probe  
  13  0:12  Probe  
  14  0:18  Pylon  
  14  0:24  Probe  
  15  0:32  Probe  
  15  0:37  Gateway  
  15  0:40  Probe  
  16  0:46  Assimilator  
  17  0:51  Probe  
  18  1:03  Probe  
  19  1:15  Probe  
  20  1:22  Nexus  
  20  1:32  Cybernetics Core  
  20  1:35  Probe  
  21  1:40  Assimilator  
  21  1:49  Pylon  
  21  1:51  Probe  
  22  1:58  Stalker  
  22  2:03  Probe  
  25  2:16  Probe  
  25  2:19  Stargate  
  26  2:26  Probe  
  26  2:28  Stalker  
  29  2:30  Probe  
  29  2:34  Probe  
  30  2:38  Probe, Warp Gate  
  30  2:42  Probe  
  32  2:48  Probe  
  34  2:54  Probe  
  34  2:55  Oracle  
  35  3:00  Probe  
  35  3:02  Zealot  
  41  3:06  Probe  
  42  3:14  Probe  
  42  3:16  Pylon  
  42  3:18  Probe  
  44  3:26  Probe  
  45  3:30  Probe  
  46  3:35  Gateway  
  46  3:37  Gateway  
  46  3:38  Oracle  
  46  3:39  Pylon  
  50  3:41  Probe  
  50  3:45  Probe  
  50  3:46  Assimilator  
  51  3:49  Assimilator  
  51  3:53  Probe  
  52  3:57  Probe  
  53  4:05  Probe  
  53  4:06  Oracle  
  53  4:09  Probe  
  55  4:10  Pylon  
  58  4:17  Probe  
  58  4:20  Pylon  
  58  4:21  Probe  
  61  4:33  Nexus  
  61  4:42  Stalker  
  61  4:43  Stalker x2  
  61  4:45  Phoenix  
  66  4:47  Pylon  
  66  5:00  Probe  
  66  5:04  Shield Battery  
  66  5:05  Stalker  
  66  5:06  Stalker x2  
  73  5:09  Twilight Council  
  64  5:30  Stalker x3  
  67  5:47  Blink, Forge  
  67  5:52  Probe  
  67  5:53  Stalker  
  67  5:57  Pylon  
  70  6:07  Nexus  
  70  6:10  Stalker  
  70  6:15  Probe x2  
  70  6:16  Zealot x2  
  76  6:19  Protoss Ground Weapons Level 1  
  76  6:27  Probe  
  67  6:40  Probe x2  
  67  6:42  Assimilator  
  67  6:45  Stalker x3  
  72  6:58  Probe x2  
  74  7:07  Gateway  
  74  7:09  Stalker x2, Robotics Facility  
  74  7:10  Gateway  
  74  7:14  Gateway  
  78  7:18  Probe x2  
  78  7:23  Probe  
  79  7:30  Probe x2  
  79  7:35  Probe  
  82  7:37  Pylon  
  82  7:42  Sentry x2, Zealot  
  82  7:43  Charge, Probe x2  
  87  7:47  Probe  
  88  7:53  Gateway x2  
  88  7:55  Probe x2  
  90  7:59  Probe  
  90  8:05  Observer, Pylon  
  91  8:07  Probe x2  
  91  8:09  Assimilator  
  91  8:10  Robotics Bay  
  94  8:13  Assimilator, Robotics Facility  
  94  8:16  Zealot x3  
  98  8:27  Stalker x3  
  98  8:29  Protoss Ground Armor Level 1  
  98  8:32  Pylon  
  104  8:38  Immortal  
  104  8:42  Pylon  
  104  8:44  Pylon  
  104  8:52  Zealot x4  
  116  8:56  Pylon  
  116  8:59  Colossus  
  116  9:03  Photon Cannon  
  116  9:08  Colossus  
  116  9:09  Pylon  
  112  9:16  Extended Thermal Lance  
  125  9:27  Templar Archives  
  124  9:32  Pylon  
  124  9:37  Pylon  
  124  9:41  Zealot x5  
  124  9:42  Zealot  
  136  9:49  Colossus  
  136  9:51  Colossus  
  147  10:08  High Templar  
  147  10:09  Protoss Ground Weapons Level 2, High Templar, Zealot x3  
  157  10:17  Pylon  
  157  10:27  High Templar x2  
  157  10:28  Zealot  
  163  10:31  Archon x2, Pylon x2  
  163  10:36  Pylon  
  163  10:44  Stalker  
  163  10:45  Stalker x3  
  163  10:49  Stalker x2  
  167  10:59  Nexus  
  165  11:04  Immortal  
  159  11:14  Immortal  
  165  11:24  High Templar x2  
  165  11:25  Zealot x2  
  173  11:28  Archon  
  173  11:29  Pylon  
  173  11:34  Pylon  
  173  11:40  Photon Cannon  
  173  11:48  Immortal  
  173  11:53  Immortal  
  181  11:56  Forge  
  181  11:57  Zealot  
  181  12:00  Assimilator  
  183  12:02  Assimilator  
  183  12:05  Psionic Storm  
  182  12:19  High Templar x4  
  182  12:20  Zealot x4  
  188  12:42  Probe x2  
  180  12:57  Zealot x2  
  180  12:58  Nexus, Stalker x2, Pylon  
  185  13:14  Probe x4  
  189  13:23  High Templar x4  
  189  13:24  Zealot  
  189  13:26  Probe  
  200  13:29  Archon x2  
  200  13:32  Gateway  
  200  13:33  Gateway  
  200  13:35  Gateway  
  198  13:49  High Templar  
  198  13:52  Photon Cannon  
  198  13:54  Photon Cannon  
Show
View Real Time Build Order
Export as new Build Order

MMA Terran 

Build Orders: Gas First Reaper Expand, Reaper Expand, MMM Bio 

Get SALT Encoding   

  12  0:01  SCV  
  13  0:13  SCV  
  14  0:17  Supply Depot  
  14  0:25  SCV  
  14  0:27  Refinery  
  15  0:38  SCV  
  16  0:44  Barracks  
  16  0:50  SCV  
  17  1:02  SCV  
  18  1:14  SCV  
  19  1:30  Orbital Command  
  19  1:31  Reaper  
  20  1:48  Command Center  
  20  1:54  Factory  
  20  1:57  SCV  
  21  2:02  Refinery  
  21  2:05  Barracks Reactor  
  21  2:09  SCV  
  21  2:14  Supply Depot  
  22  2:21  SCV  
  23  2:35  SCV  
  24  2:39  Starport  
  24  2:42  Marine x2  
  24  2:43  Widow Mine  
  28  2:48  SCV  
  29  2:59  Orbital Command  
  29  3:01  Marine, SCV  
  29  3:02  Marine  
  32  3:06  Widow Mine  
  34  3:13  SCV  
  34  3:16  Medivac  
  37  3:20  Marine x2  
  37  3:26  SCV x2  
  40  3:30  Supply Depot  
  40  3:33  Factory Tech Lab  
  40  3:38  SCV x2  
  40  3:39  Marine x2  
  44  3:46  Viking  
  46  3:52  SCV x2  
  46  3:53  Supply Depot  
  48  3:56  Siege Tank  
  48  4:00  Marine x2  
  53  4:04  SCV  
  54  4:14  Supply Depot  
  54  4:15  SCV  
  55  4:17  Supply Depot, SCV  
  55  4:18  Marine x2  
  58  4:27  SCV  
  58  4:28  Siege Tank  
  62  4:36  Marine x2, SCV  
  65  4:39  SCV  
  66  4:51  Command Center, SCV x2  
  68  4:53  Marine x2  
  70  5:00  Engineering Bay x2  
  70  5:03  SCV x2  
  72  5:10  Siege Tank  
  73  5:15  Bunker, Barracks  
  73  5:16  Barracks  
  73  5:19  SCV x2  
  70  5:29  Viking  
  60  5:35  Missile Turret  
  60  5:40  SCV  
  47  5:59  SCV x2  
  48  6:14  SCV x2  
  48  6:16  Missile Turret  
  50  6:19  Orbital Command  
  50  6:23  Barracks Tech Lab x2  
  50  6:26  SCV  
  39  6:39  Bunker, Siege Tank  
  34  6:45  Marine  
  34  6:46  Marine x3  
  36  6:53  SCV x3  
  39  6:55  Stimpack  
  39  6:57  Orbital Command  
  39  7:03  Marine  
  39  7:05  SCV x2  
  39  7:06  Refinery  
  39  7:08  Refinery, Marine x2  
  44  7:10  Marine  
  45  7:17  SCV  
  45  7:18  Siege Tank  
  45  7:19  SCV  
  50  7:26  SCV  
  50  7:29  SCV  
  51  7:31  SCV  
  51  7:35  Marine x2  
  51  7:36  Marine  
  55  7:38  SCV  
  55  7:41  SCV  
  55  7:43  Terran Infantry Armor Level 1, Terran Infantry Weapons Level 1  
  57  7:45  SCV  
  57  7:47  Marine  
  57  7:50  SCV  
  60  7:53  Marine x2, SCV  
  60  7:54  Marine  
  60  7:56  Medivac  
  64  8:04  SCV  
  64  8:05  Marine, SCV x2  
  66  8:08  Siege Tank  
  70  8:15  Supply Depot  
  70  8:19  Barracks  
  72  8:20  Marauder, Marine x2  
  72  8:21  Barracks  
  72  8:23  Marauder  
  72  8:26  Starport Reactor  
  76  8:28  SCV x2  
  78  8:34  Combat Shields  
  78  8:39  Orbital Command, Marine  
  78  8:40  Marine  
  82  8:41  Marauder  
  82  8:44  Marauder  
  84  8:49  Supply Depot, SCV x2  
  86  8:56  Supply Depot x2, Marine  
  86  8:58  Marine  
  86  9:01  SCV  
  86  9:02  SCV  
  90  9:04  Factory Reactor  
  90  9:09  Marine x2, Marauder x2  
  95  9:10  SCV  
  95  9:14  SCV x2  
  98  9:19  Refinery  
  98  9:21  Marine  
  98  9:22  Armory, Marine, SCV  
  98  9:23  Concussive Shells  
  101  9:26  Medivac x2, SCV x2  
  101  9:28  Barracks Reactor  
  107  9:35  SCV  
  107  9:38  SCV x2  
  110  9:41  Marauder  
  110  9:42  Marauder  
  110  9:43  Marine x2  
  116  9:47  SCV  
  116  9:48  Refinery  
  116  9:50  SCV x2  
  116  9:51  Supply Depot  
  119  9:53  Marauder  
  119  9:54  Widow Mine  
  119  9:55  Supply Depot  
  119  9:59  Supply Depot, SCV  
  123  10:00  Supply Depot  
  123  10:01  Medivac  
  125  10:09  Terran Infantry Weapons Level 2  
  125  10:10  Supply Depot x2  
  125  10:12  Medivac, SCV  
  128  10:17  Terran Infantry Armor Level 2  
  128  10:20  Marine x4  
  132  10:22  Marauder  
  132  10:25  Marauder  
  132  10:27  Marauder  
  138  10:29  Widow Mine  
  138  10:31  Widow Mine  
  138  10:45  SCV x3  
  137  10:57  SCV  
  137  10:58  SCV x2  
  137  11:09  SCV  
  137  11:10  SCV x2  
  137  11:11  Viking x2, Marauder x3  
  139  11:17  Starport  
  143  11:21  Supply Depot  
  143  11:22  Supply Depot, SCV x2  
  143  11:25  Sensor Tower  
  151  11:32  Marauder  
  151  11:33  Marauder x2  
  151  11:43  Viking  
  151  11:44  Viking  
  155  11:54  Viking x2  
  157  11:56  Command Center  
  157  11:57  Terran Ship Weapons Level 1  
  159  12:12  Marauder x3  
  165  12:17  Ghost Academy  
  163  12:23  Viking x2  
  164  12:44  Viking  
  164  12:45  Viking  
  168  12:55  Supply Depot x2  
  168  12:56  Liberator x2  
  160  13:09  Liberator  
  160  13:10  Ghost  
  160  13:11  Ghost x2  
  164  13:18  Marine x2  
  164  13:19  Marine x2  
  174  13:25  Barracks  
  174  13:27  Barracks  
  177  13:28  Barracks  
  177  13:36  Marine x4  
  181  13:44  Refinery  
  181  13:46  Refinery  
  181  13:49  Missile Turret, SCV x2  
  181  13:50  SCV  
  184  14:01  SCV  
Tags
 
Add a new tag
Caveats
  • Supply blocks, unpowered buildings, or Contaminate may cause inaccurate times.
  • Supply counts are checked every 10 seconds.